 Dungeon Crawl Stone Soup version 0.27-a0-1416-g941b2bd30b (webtiles) character file.

Game seed: 9913445690398141156

616 Arzdou the Covert (level 7, -5/32 HPs)
             Began as a Spriggan Enchanter on July 1, 2021.
             Shot with an arrow by a centaur (7 damage)
             ... on level 5 of the Dungeon.
             The game lasted 00:35:26 (8443 turns).

Arzdou the Covert (Spriggan Enchanter)              Turns: 8443, Time: 00:35:27

Health: -5/32      AC:  2    Str:  4    XL:     7   Next: 21%
Magic:  21/23      EV: 18    Int: 21    God:
Gold:   34         SH:  0    Dex: 15    Spells: 5/14 levels left

rFire    . . .     SeeInvis +   a - +1 dagger
rCold    . . .     Faith    .   (shield restricted)
rNeg     . . .     Spirit   .   A - +0 robe "Bevvis" {Int+2}
rPois    .         Reflect  .   (helmet restricted)
rElec    .         Harm     .   (no cloak)
rCorr    .         Rampage  .   (gloves unavailable)
Will     +....                  (boots unavailable)
Stlth    ++++......             (no amulet)
HPRegen  0.10/turn              u - ring of magical power
MPRegen  0.18/turn              f - ring of wizardry

@: very quick
A: very small, no large weapons, unfitting armour, see invisible, speed 3
a: no special abilities


You were on level 5 of the Dungeon.
You visited 2 branches of the dungeon, and saw 6 of its levels.

You collected 170 gold pieces.
You spent 136 gold pieces at shops.

Inventory:

Hand Weapons
 a - a +1 dagger (weapon)
 b - a +0 hunting sling
Missiles
 w - 2 throwing nets (quivered)
Armour
 v - a +0 robe
 A - the +0 robe "Bevvis" (worn) {Int+2}
   (You bought it in a shop on level 4 of the Dungeon)

   Int:       It affects your intelligence (+2).
Jewellery
 f - a ring of wizardry (right hand)
 s - a +4 ring of evasion
 u - a ring of magical power (left hand)
Wands
 l - a wand of iceblast (14)
 m - a wand of paralysis (9)
Scrolls
 d - a scroll of enchant armour {unknown}
 e - a scroll of fear
 h - a scroll of silence {unknown}
 j - 2 scrolls of blinking
 k - a scroll of acquirement {unknown}
 p - a scroll of teleportation {unknown}
 q - 2 scrolls of identify
 x - a scroll of magic mapping {unknown}
 y - a scroll of enchant weapon {unknown}
Potions
 c - 2 potions of lignification
 g - a potion of berserk rage {unknown}
 i - a potion of brilliance {unknown}
 n - a potion of might
 o - a potion of cancellation {unknown}
 r - 2 potions of curing {unknown}
 t - a potion of mutation {unknown}
 z - a potion of heal wounds {unknown}
 B - a potion of haste {unknown}
 C - a potion of flight {unknown}


   Skills:
 - Level 0.3 Fighting
 - Level 1.1 Short Blades
 + Level 3.4 Dodging
 * Level 9.9 Stealth
 + Level 4.3 Spellcasting
 * Level 6.0 Hexes


You had 5 spell levels left.
You knew the following spells:

 Your Spells              Type           Power      Damage    Failure   Level
a - Corona                Hex            33%        N/A       1%          1
b - Ensorcelled Hibernat  Hex/Ice        34%        N/A       1%          2
c - Confusing Touch       Hex            30%        N/A       1%          3
d - Dazzling Flash        Conj/Hex       34%        N/A       4%          3

Your spell library contained the following spells:

 Spells                   Type           Power      Damage    Failure   Level
 Tukima's Dance           Hex            30%        N/A       1%          3
 Beastly Appendage        Tmut           8%         N/A       4%          1
 Passwall                 Tmut/Erth      3%         N/A       8%          2
 Poisonous Vapours        Pois/Air       8%         N/A       8%          2
 Sublimation of Blood     Necr           2%         N/A       8%          2
 Wereblood                Tmut           4%         N/A       8%          2
 Ignite Poison            Fire/Tmut/Pois 4%         N/A       14%         3
 Mephitic Cloud           Conj/Pois/Air  4%         N/A       14%         3
 Spider Form              Tmut/Pois      2%         N/A       14%         3
 Stone Arrow              Conj/Erth      8%         3d7       14%         3
 Swiftness                Air            4%         N/A       14%         3
 Metabolic Englaciation   Hex/Ice        8%         N/A       34%         5
 Petrify                  Tmut/Erth      4%         N/A       41%         4
 Bolt of Magma            Conj/Fire/Erth 2%         4d4       75%         5
 Freezing Cloud           Conj/Ice/Air   2%         6-21      75%         5
 Irradiate                Conj/Tmut      2%         3d14      75%         5
 Invisibility             Hex            15%        N/A       50%         6
 Statue Form              Tmut/Erth      2%         N/A       99%         6
 Summon Hydra             Summ           2%         N/A       100%        7
 Shatter                  Erth           2%         3d6*      100%        9


Dungeon Overview and Level Annotations

Branches:
Dungeon (5/15)             Temple (1/1) D:4

Altars:
Ashenzari
Cheibriados
Elyvilon
Fedhas
Gozag
Kikubaaqudgha
Makhleb
Nemelex Xobeh
Okawaru
Qazlal
Ru
Sif Muna
Uskayaw
Vehumet
Wu Jian
Xom
Yredelemnul
Zin
The Shining One

Shops:
D:4 =[!

Annotations:
D:5 4 runed translucent doors, Sigmund


Innate Abilities, Weirdness & Mutations

You are very small and have problems with some larger weapons.
You are too small for most types of armour.
You have supernaturally acute eyesight. (SInv)
You cover ground extremely quickly. (Speed+++)


Message History

The orc looks drowsy...
The helpless orc fails to defend itself.
You perforate the orc like a sieve!!!
You kill the orc!
Things that are here:
a +0 whip; an orc corpse
Found an escape hatch in the floor.
Found 20 stones.
Found a leather armour.
Sigmund the Dreaded comes into view.
He is wielding a +4 scythe of holy wrath.
The centaur shouts!
The centaur shoots an arrow.
The arrow barely misses you.
The centaur shoots an arrow.
The arrow misses you.
The centaur shoots an arrow.
The arrow closely misses you. Sigmund gestures at you while chanting.
The puff of flame misses you.
The centaur shoots an arrow.
The arrow hits you!
Casting: Ensorcelled Hibernation (safe; 1% risk of failure)
Confirm with . or Enter, or press ? or * to list all spells.
Aiming: Ensorcelled Hibernation (safe; 1% risk of failure)
Press: ? - help, Shift-Dir - straight line, f - centaur
Aim: a centaur, wielding a +0 shortbow and quivering arrows (chance to affect: 48%)
The centaur resists with some effort.
The centaur shoots an arrow.
The arrow hits you!
The centaur shoots an arrow.
The arrow barely misses you.
Blink to where?
Press: ? - help, Dir - move target, p - centaur
As you read the scroll of blinking, it crumbles to dust.
The centaur unwields a +0 shortbow.
The centaur wields a +4 trident of freezing.
It glows with a cold blue light!
The centaur hits you with a +4 trident of freezing!
* * * LOW HITPOINT WARNING * * *
The centaur freezes you.
* * * LOW HITPOINT WARNING * * *
The centaur kicks you but does no damage.
The centaur unwields a +4 trident of freezing.
The centaur wields a +0 shortbow.
The centaur shoots an arrow.
The arrow hits you!
You die...

#..# ##.#
###########.#######
#.....(............
#..##...#....####..
#.# #...#....#
#.###..##....#
#......###.....
#.....## #...#..
#.@.### #...#...
#.#### ##..# ..
#c...####
#.......###
#.........##
#..........#
#.###.####..# #.#
#...##..# #.#
#..@.#...#


You could see a centaur.

Vanquished Creatures
  A scorpion (D:4)
  A hound (D:4)
  A jelly (D:5)
  A bullfrog skeleton (D:5)
  An orc priest (D:5)
  2 centaur skeletons (D:5)
  5 iguanas
  10 gnolls
  6 adders
  4 worms
  A dart slug (D:4)
  3 orcs (D:5)
  6 endoplasms
  3 giant cockroaches (D:1)
  14 goblins
  8 hobgoblins
  9 jackals
  4 kobolds
  6 quokkas
  6 ball pythons
  3 bats
  2 frilled lizards
  5 rats
102 creatures vanquished.

Notes
Turn   | Place    | Note
-------+----------+-------------------------------------------
     0 | D:1      | Arzdou the Spriggan Enchanter began the quest for the Orb.
     0 | D:1      | Reached XP level 1. HP: 9/9 MP: 5/5
   715 | D:1      | Reached XP level 2. HP: 12/13 MP: 6/6
   718 | D:1      | Learned a level 2 spell: Ensorcelled Hibernation
   740 | D:1      | Reached skill level 5 in Stealth
  1547 | D:1      | Found a faded altar of an unknown god.
  1654 | D:1      | Reached XP level 3. HP: 16/16 MP: 8/8
  1943 | D:2      | Reached skill level 6 in Stealth
  2772 | D:2      | Learned a level 3 spell: Confusing Touch
  2881 | D:2      | Reached XP level 4. HP: 21/21 MP: 6/9
  3124 | D:3      | You fall into a shaft and drop 2 floors!
  3124 | D:5      | Entered Level 5 of the Dungeon
  3157 | D:5      | Found a large runed translucent door.
  3157 | D:5      | Found a large runed translucent door.
  3157 | D:5      | Noticed a yak
  3169 | D:5      | Noticed a kobold demonologist
  3369 | D:5      | Reached skill level 7 in Stealth
  3373 | D:5      | Reached XP level 5. HP: 20/24 MP: 10/10
  3380 | D:5      | Noticed a centaur
  4566 | D:3      | Learned a level 3 spell: Dazzling Flash
  4680 | D:4      | Reached skill level 5 in Hexes
  4863 | D:4      | Found a staircase to the Ecumenical Temple.
  4873 | Temple   | Entered the Ecumenical Temple
  5618 | D:4      | Reached skill level 8 in Stealth
  5816 | D:4      | Reached XP level 6. HP: 22/28 MP: 8/12
  6319 | D:4      | Found Fomnurph's Jewellery Shoppe.
  6440 | D:4      | Found Weuxzuy's Antique Armour Emporium.
  6449 | D:4      | Bought an ancient robe for 136 gold pieces
  6449 | D:4      | Identified the +0 robe "Bevvis" {Int+2} (You bought it in a
                  | shop on level 4 of the Dungeon)
  6467 | D:4      | Found Pemouvov's Distillery.
  6600 | D:5      | Reached skill level 9 in Stealth
  6873 | D:5      | Found a snail-covered altar of Cheibriados.
  7658 | D:5      | Found a large runed translucent door.
  7658 | D:5      | Found a large runed translucent door.
  7945 | D:4      | Reached XP level 7. HP: 27/32 MP: 14/14
  8405 | D:5      | Noticed Sigmund
  8443 | D:5      | Shot with an arrow by a centaur

Illustrated notes

Levels and vault maps discovered:
D:1:      lemuel_arrival_cross, layout_basic,
          shapermc_ecumenical_altar_mp_vishouse
D:2:      layout_basic, serial_corexii_hall, chequers_hall_statues_corner_a,
          corexii_hall_statues_s
D:3:      layout_basic, roderic_lattice_a, hangedman_abyss_or_decor_stabs
D:4:      kennysheep_the_goblin_king, layout_basic,
          minmay_temple_entry_nine_rooms, serial_shops, nicolae_square_shop,
          shop, nicolae_shop_temple_entry_statues_fountains, kennysheep_diamond
D:5:      minmay_recursive_quarters, layout_loops_ring, cheibriados_altar_1,
          minmay_hollow_rounded_squares, uniq_sigmund
Temple:   dpeg_five_rooms_temple

Skill      XL: |  1  2  3  4  5  6  7 |
---------------+----------------------+-----
Stealth        | 5 6 7 8 9 |  9.9
Hexes          | 4 5 6 |  6.0
Spellcasting   | 3 4 |  4.3
Dodging        | 3 |  3.4
Fighting       | |  0.3
Short Blades   | |  1.1

Action                   |  1- 3 |  4- 6 |  7- 9 || total
-------------------------+-------+-------+-------++-------
Melee: Dagger            |    93 |   143 |    15 ||   251
 Cast: Ensorcelled Hiber |    35 |    73 |     7 ||   115
       Confusing Touch   |       |     6 |     3 ||     9
       Dazzling Flash    |       |     1 |       ||     1
  Use: Scroll            |     2 |     2 |     1 ||     5
 Stab: Sleeping          |    37 |    44 |     3 ||    84
       Confused          |       |     1 |     2 ||     3
Armor: Robe              |    13 |    11 |     4 ||    28
Dodge: Dodged            |    56 |   157 |    30 ||   243

Table legend: (Time is in decaauts)
 A = Elapsed time spent in this place.
 B = Non-inter-level travel time spent in this place.
 C = Inter-level travel time spent in this place.
 D = Time resting spent in this place.
 E = Time spent auto-exploring this place.
 F = Levels seen in this place.
 G = Mean time per level.
                   A        B        C        D        E       F      G
               +--------+--------+--------+--------+--------+-----+--------+
         Total |   6617 |   6446 |    171 |   1910 |   3138 |   6 | 1102.8 |
       Dungeon |   6376 |   6301 |     75 |   1910 |   3012 |   5 | 1275.2 |
        Temple |    240 |    144 |     96 |      0 |    125 |   1 |  240.0 |
               +--------+--------+--------+--------+--------+-----+--------+

Top non-repeatable levels by time:
     D:4: 2061 daAuts
     D:1: 1500 daAuts
     D:5: 1158 daAuts
     D:2: 843 daAuts
     D:3: 811 daAuts
  Temple: 240 daAuts
